AoeStats
← Martdri

Arabia

509227432Analyzed
1v1 RM · 7d ago on Sep 26, 2026· 27m 57s· 2 players
Game mode
Random Map
Map size
Tiny (2 player)
Population
200
Speed
Normal
Resources
Standard
Victory
Conquest
Starting age
Dark Age
Ending age
Imperial Age
RankedLock teamsTeams togetherTeam positionsShared explorationLock speedFull tech treeHidden civsTurbo modeCheats
Victory
Defeat
🇦🇷 Franks · Argentina
1080
+15
🇧🇷 Aztecs · Brazil
1054
-15
RickFrank
4:57 Loom
9:33 Feudal Age
10:02 Town Watch
11:13 Double-Bit Axe
16:27 Wheelbarrow
21:14 Castle Age
20:30 Fletching
20:41 Padded Archer Armor
21:26 Gold Mining
21:24 Horse Collar
21:28 Crossbowman
22:04 Bodkin Arrow
25:32 Heavy Plow
27:37 Fervor
27:48 Sanctity
Martdri
3:02 Loom
10:20 Feudal Age
10:49 Double-Bit Axe
12:27 Wheelbarrow
21:27 Castle Age
19:47 Gold Mining
21:16 Scale Barding Armor
21:22 Forging
22:13 Husbandry
22:45 Bow Saw
23:12 Gold Shaft Mining
Connection lost

Rejoining the realm…

Still unreachable

The connection could not be restored.

Session expired

The server has moved on; the page needs a fresh start.